 Dungeon Crawl Stone Soup version 0.29-a0-43-g62a80824bf (webtiles) character file.

Game seed: 8549137044537519861

105 DrKleor the Skirmisher (level 4, 0/37 HPs)
             Began as a Demonspawn Fighter on Feb 2, 2022.
             Slain by a ball python (2 damage)
             ... on level 4 of the Dungeon.
             The game lasted 00:03:37 (2150 turns).

DrKleor the Skirmisher (Demonspawn Fighter)         Turns: 2150, Time: 00:03:38

Health: 0/37       AC:  6    Str: 18    XL:     4   Next: 53%
Magic:  4/4        EV:  9    Int:  9    God:
Gold:   64         SH:  5    Dex: 13    Spells: 3/3 levels left

rFire   . . .      SeeInvis .   a - +0 rapier
rCold   . . .      Faith    .   c - +0 buckler
rNeg    . . .      Spirit   .   b - +0 scale mail
rPois   .          Reflect  .   (no helmet)
rElec   .          Harm     .   (no cloak)
rCorr   .          Rampage  .   (no gloves)
Will    .....                   (no boots)
Stlth   ..........              (no amulet)
HPRegen 0.12/turn               (no ring)
MPRegen 0.18/turn               (no ring)

@: no status effects
A: magic regeneration, weakness stinger 1
a: no special abilities


You were on level 4 of the Dungeon.
You visited 1 branch of the dungeon, and saw 4 of its levels.

You collected 64 gold pieces.

Inventory:

Hand Weapons
 a - a +0 rapier (weapon)
Missiles
 p - 2 poisoned darts (quivered)
Armour
 b - a +0 scale mail (worn)
 c - a +0 buckler (worn)
Scrolls
 e - a scroll of blinking {unknown}
 g - 3 scrolls of teleportation {unknown}
 h - a scroll of enchant weapon {unknown}
 k - a scroll of identify {unknown}
 l - 2 scrolls of fear {unknown}
 n - a scroll of vulnerability {unknown}
Potions
 d - a potion of might
 f - a potion of lignification {unknown}
 i - a potion of magic {unknown}
 j - a potion of heal wounds {unknown}
 m - 2 potions of haste {unknown}
 o - a potion of invisibility {unknown}


   Skills:
 + Level 3.6 Fighting
 + Level 2.7 Short Blades
 + Level 0.0 Throwing
 - Level 3.3 Armour
 - Level 3.3 Shields


You had 3 spell levels left.
You didn't know any spells.
Your spell library contained the following spells:

 Spells                   Type           Power      Damage    Failure   Level
 Borgnjor's Revivificati  Necr           0%         N/A       100%        8
 Necromutation            Tmut/Necr      0%         N/A       100%        8
 Death's Door             Necr           0%         N/A       100%        9


Dungeon Overview and Level Annotations

Branches:
Dungeon (4/15)
 Temple: D:4-7

Altars:


Innate Abilities, Weirdness & Mutations

You regenerate magic rapidly.
You have a small tail.


Message History

There is a stone staircase leading down here.
You now have 64 gold pieces (gained 6).
Done exploring.
Throw: 2 darts (poison)
Press: ? - help, Q - select action Shift-Dir - straight line, f - you
Okay, then.
(D) Dungeon
Where to? (Enter - D:2, ? - help)
There is a stone staircase leading down here.
You climb downwards.
The orc shouts! x3; The orc priest shouts! x2; The orc shouts!
Found three items.
Found a stone staircase leading down.
There is a stone staircase leading up here.
There are monsters nearby!
You hit the hobgoblin but do no damage. The hobgoblin barely misses you.
A ball python comes into view.
The ball python hisses angrily.
You block the orc's attack.
The orc throws a boomerang.
The boomerang completely misses you. You block the hobgoblin's attack.
The ball python moves out of view.
The hobgoblin hits you but does no damage.
A frilled lizard comes into view.
The frilled lizard hisses angrily.
The orc priest invokes the aid of Beogh against you.
Beogh smites you!
There is a stone staircase leading down here.
You can't go up here!
The ball python bites you but does no damage.
The ball python closely misses you. The hobgoblin hits you.
The orc hits you with a +0 short sword.
The orc priest calls down the wrath of Beogh upon you.
Beogh smites you!
* * * LOW HITPOINT WARNING * * *
You climb downwards.
There is a stone staircase leading up here.
As you open the door, it creaks loudly!
A hobgoblin comes into view.
The hobgoblin shouts!
The ball python bites you.
You die...

.. .# #+ .###
... ... . ....
..# .. .....
..#.#.#
......##So.....
......'@g.....#
.g....###......
..... #.#.#
.... # ... #+


You could see an orc, 2 hobgoblins and a ball python.

Vanquished Creatures
  A hound (D:2)
  3 adders (D:2)
  3 dart slugs (D:1)
  An orc (D:2)
  2 endoplasms
  3 giant cockroaches (D:2)
  A goblin (D:1)
  9 hobgoblins
  A quokka (D:2)
  3 ball pythons
  3 bats
  4 frilled lizards
  2 kobolds
  6 rats
42 creatures vanquished.

Notes
Turn   | Place    | Note
-------+----------+-------------------------------------------
     0 | D:1      | DrKleor the Demonspawn Fighter began the quest for the Orb.
     0 | D:1      | Reached XP level 1. HP: 18/18 MP: 1/1
   427 | D:1      | Gained mutation: You have a small tail. [demonic ancestry]
   427 | D:1      | Reached XP level 2. HP: 24/24 MP: 2/2
  1324 | D:2      | Reached XP level 3. HP: 24/29 MP: 3/3
  1597 | D:2      | Gained mutation: You regenerate magic rapidly. [demonic
                  | ancestry]
  1597 | D:2      | Reached XP level 4. HP: 33/36 MP: 4/4
  2150 | D:4      | Slain by a ball python

Illustrated notes

Levels and vault maps discovered:
D:1:      dpeg_arrival_arbitrary_a, layout_loops_corners,
          minmay_misc_feat_roman, nicolae_concentric_dashed_squares_mild
D:2:      layout_loops_ring, kennysheep_pointless_box
D:3:      layout_rooms, minmay_fractal_squares_gapless_5
D:4:      layout_loops_corners, lemuel_coloured_pillars_altar,
          minmay_temple_entry_mini_moons

Skill      XL: |  1  2 |
---------------+-------+-----
Short Blades   | 2 |  2.7
Armour         | 3 |  3.3
Shields        | 3 |  3.3
Fighting       | |  3.6

Action                   |  1- 3 |  4- 6 || total
-------------------------+-------+-------++-------
Melee: Rapier            |    82 |    33 ||   115
       Tailslap          |     5 |     4 ||     9
Armor: Scale mail        |    36 |    16 ||    52
Dodge: Dodged            |    27 |    23 ||    50
Block: Buckler           |    11 |     9 ||    20

Table legend: (Time is in decaauts)
 A = Elapsed time spent in this place.
 B = Non-inter-level travel time spent in this place.
 C = Inter-level travel time spent in this place.
 D = Time resting spent in this place.
 E = Time spent auto-exploring this place.
 F = Levels seen in this place.
 G = Mean time per level.
                   A        B        C        D        E       F      G
               +--------+--------+--------+--------+--------+-----+--------+
         Total |   2164 |   2119 |     45 |    238 |   1545 |   4 |  541.0 |
       Dungeon |   2164 |   2119 |     45 |    238 |   1545 |   4 |  541.0 |
               +--------+--------+--------+--------+--------+-----+--------+

Top non-repeatable levels by time:
     D:1: 1290 daAuts
     D:2: 865 daAuts
     D:3: 6 daAuts
     D:4: 0 daAuts
